 Dungeon Crawl Stone Soup version 0.21.0 (webtiles) character file.

91 Hekarica the Stinger (level 4, -5/28 HPs)
             Began as an Octopode Venom Mage on May 21, 2018.
             Slain by Natasha (6 damage)
             ... on level 2 of the Dungeon.
             The game lasted 00:13:11 (2287 turns).

Hekarica the Stinger (Octopode Venom Mage)          Turns: 2287, Time: 00:13:11

Health: -5/28      AC:  1    Str:  8    XL:     4   Next: 59%
Magic:  5/9        EV: 13    Int: 17    God:
Gold:   187        SH:  0    Dex: 12    Spells: 7/8 levels left

rFire    . . .     SeeInvis .     - Unarmed
rCold    . . .     Gourm    .   (no shield)
rNeg     . . .     Faith    .   (helmet restricted)
rPois    .         Spirit   .   (no amulet)
rElec    .         Reflect  .   (no ring)
rCorr    .         Harm     .   (no ring)
MR       .....     Clarity  +   (no ring)
Stlth    +++.......             (no ring)
HPRegen  0.09/turn              (no ring)
MPRegen  0.11/turn              (no ring)
                                (no ring)
                                (no ring)

@: slowed, very slow
A: almost no armour, stealthy swim, amphibious, 8 rings, constrict 8, camouflage
1, clarity, high mp 1, gelatinous body 1
a: no special abilities


You were on level 2 of the Dungeon.
You were not hungry.

You visited 1 branch of the dungeon, and saw 3 of its levels.

You collected 187 gold pieces.

Inventory:

Scrolls
 c - 2 scrolls of identify {unknown}
 d - a scroll of blinking {unknown}
 e - 2 scrolls of noise {unknown}
 f - a scroll of magic mapping {unknown}
 g - a scroll of amnesia {unknown}
 h - a scroll of fog {unknown}
 i - a scroll of remove curse {unknown}
 k - a scroll of fear {unknown}
 l - a scroll of teleportation {unknown}
Books
 a - a Young Poisoner's Handbook

   Spells                             Type                      Level
   a - Sting                          Conjuration/Poison           1
   b - Poisonous Vapours              Poison/Air                   2
   c - Mephitic Cloud                 Conjuration/Poison/Air       3
   d - Olgreb's Toxic Radiance        Poison                       4
   e - Venom Bolt                     Conjuration/Poison           5
Comestibles
 b - 3 rations


   Skills:
 * Level 1.5 Fighting
 + Level 2.2 Dodging
 + Level 3.5 Stealth
 * Level 1.9 Unarmed Combat
 + Level 2.8 Spellcasting
 - Level 1.0 Conjurations
 - Level 3.6 Poison Magic


You had 7 spell levels left.
You knew the following spells:

 Your Spells              Type           Power        Failure   Level  Hunger
a - Sting                 Conj/Pois      ##..         7%          1    #......


Dungeon Overview and Level Annotations

Branches:
Dungeon (3/15)

Altars:

Annotations:
D:2 Natasha


Innate Abilities, Weirdness & Mutations

You cannot wear most types of armour.
You are very stealthy in the water. (Stealth+)
You are amphibious.
You can wear up to eight rings at the same time.
You can use your tentacles to constrict eight enemies at once.
Your skin changes colour to match your surroundings (Stealth+).
Your rubbery body absorbs attacks. (AC +1, EV +1)
You possess an exceptional clarity of mind.
You have an increased reservoir of magic. (+10% MP)


Message History

Aim: Natasha The sting hits Natasha.
Natasha is poisoned.
Natasha is lightly wounded.
Natasha closely misses you.
Casting: Sting
Confirm with . or Enter, or press ? or * to list all spells.
Aiming: Sting
Press: ? - help, Shift-Dir - straight line, f/p - Natasha
Aim: Natasha (moderately wounded, poisoned)
The sting hits Natasha.
Natasha looks even sicker.
Natasha is moderately wounded.
Natasha claws you.
* * * LOW HITPOINT WARNING * * *
Natasha claws you.
* * * LOW HITPOINT WARNING * * *
You tentacle-slap Natasha but do no damage.
Your grab misses Natasha.
Your tentacle-slap misses Natasha.
Natasha is moderately wounded.
Natasha claws you.
You die...

##.........####......##.........#
##.......## ##.#..##.#.........
##.....## ###..#[##...#.####
##...## #..###..#.#.# ##'##
#......##.#.### #...#
#.#######.#...# ###.#.### #.#
#.###.# #...#...########.# #.#
#.# #.#####.......@h.# #.###.##
###...#...########## #.......
....#.#.### #####... ###.#...#
#### # #....## # ###.##.#
....##.# ######.# #.#


You could see Natasha.

Vanquished Creatures
  An orc wizard (D:3)
  An adder (D:2)
  An ooze (D:1)
  A worm (D:2)
  3 dart slugs (D:1)
  A leopard gecko (D:1)
  A ball python (D:1)
  4 bats (D:1)
  A giant cockroach (D:1)
  7 goblins
  6 hobgoblins
  6 jackals (D:2)
  3 frilled lizards
  3 kobolds
  3 rats (D:1)
42 creatures vanquished.

Notes
Turn   | Place    | Note
-------+----------+-------------------------------------------
     0 | D:1      | Hekarica the Octopode Venom Mage began the quest for the Orb.
     0 | D:1      | Reached XP level 1. HP: 11/11 MP: 3/3
   110 | D:1      | Reached XP level 2. HP: 15/18 MP: 0/5
   399 | D:1      | Reached skill level 1 in Fighting
   399 | D:1      | Reached skill level 1 in Unarmed Combat
   535 | D:1      | Reached XP level 3. HP: 9/23 MP: 6/6
  1533 | D:2      | Reached XP level 4. HP: 28/28 MP: 2/7
  2271 | D:3      | Noticed Natasha
  2284 | D:2      | Gained mutation: You have an increased reservoir of magic. (+10% MP) [potion of mutation]
  2284 | D:2      | Gained mutation: You possess an exceptional clarity of mind. [potion of mutation]
  2286 | D:2      | HP: 1/28 [Natasha (4)]
  2287 | D:2      | Slain by Natasha

Skill      XL: |  1  2 |
---------------+-------+-----
Fighting       | 1 |  1.5
Unarmed Combat | 1 |  1.9
Stealth        | 3 |  3.5
Dodging        | |  2.2
Spellcasting   | |  2.8
Conjurations   | |  1.0
Poison Magic   | |  3.6

Action                   |  1- 3 |  4- 6 || total
-------------------------+-------+-------++-------
Melee: Unarmed           |    45 |    20 ||    65
       Constrict         |     9 |     6 ||    15
       Tentacles         |     2 |     3 ||     5
 Cast: Sting             |    46 |    14 ||    60
  Use: Potion            |     2 |     1 ||     3
 Stab: Sleeping          |     3 |     2 ||     5
  Eat: Ration            |     1 |     1 ||     2
Armor: Skin              |    12 |     1 ||    13
Dodge: Dodged            |    28 |    11 ||    39
